 Dungeon Crawl Stone Soup version 0.21-a0-213-gae198ad (webtiles) character file.

114 Lavandula the Chiller (level 4, -1/33 HPs)
             Began as a Ghoul Ice Elementalist on Aug 22, 2017.
             Was an Initiate of Dithmenos.
             Slain by a bullfrog zombie (3 damage)
             ... on level 5 of the Dungeon.
             The game lasted 00:04:59 (654 turns).

Lavandula the Chiller (Ghoul Ice Elementalist)       Turns: 654, Time: 00:04:59

Health: -1/33      AC:  2    Str: 11    XL:     4   Next: 97%
Magic:  4/6        EV: 12    Int: 11    God:    Dithmenos [......]
Gold:   77         SH:  0    Dex: 11    Spells: 4/8 levels left

rFire    . . .     SeeInvis .   (no weapon)
rCold    + . .     Gourm    .   (no shield)
rNeg     + + +     Faith    .   a - +0 robe
rPois    ∞         Spirit   .   (no helmet)
rElec    .         Reflect  .   (no cloak)
rCorr    .         Harm     .   (no gloves)
MR       .....                  (no boots)
Stlth    ++........             (no amulet)
HPRegen  0.00/turn              k - +2 ring of dexterity
MPRegen  0.10/turn              (no ring)

@: very slightly contaminated, rotting
A: rotting body, claws 1, carnivore 3, cold resistance 1, negative energy
resistance 3, inhibited regeneration, torment resistance, unbreathing
a: Renounce Religion


You were on level 5 of the Dungeon.
You worshipped Dithmenos.
Dithmenos was noncommittal.
You were not hungry.

You visited 1 branch of the dungeon, and saw 5 of its levels.

You collected 77 gold pieces.

Inventory:

Armour
 a - a +0 robe (worn)
Jewellery
 k - a +2 ring of dexterity (left claw)
Scrolls
 j - a scroll of noise {unknown}
 l - a scroll of teleportation {unknown}
 m - a scroll of magic mapping {unknown}
Potions
 e - a potion of heal wounds
 f - a potion of curing {unknown}
 g - 2 potions of mutation {unknown}
 i - a potion of brilliance {unknown}
Books
 b - a book of Frost

   Spells                             Type                      Level
   a - Freeze                         Ice                          1
   b - Throw Frost                    Conjuration/Ice              2
   c - Ozocubu's Armour               Charms/Ice                   3
   d - Throw Icicle                   Conjuration/Ice              4
   e - Summon Ice Beast               Ice/Summoning                4
Comestibles
 c - 2 meat rations
 d - a royal jelly


   Skills:
 - Level 1.7 Dodging
 - Level 2.1 Stealth
 - Level 2.5 Spellcasting
   Level 0.7 Conjurations
 - Level 5.4 Ice Magic


You had 4 spell levels left.
You knew the following spells:

 Your Spells              Type           Power        Failure   Level  Hunger
a - Freeze                Ice            ##..         3%          1    ##.....
b - Ozocubu's Armour      Chrm/Ice       #.......     26%         3    ####...


Dungeon Overview and Level Annotations

Branches:
Dungeon (5/15)
 Temple: D:4-7

Altars:
Dithmenos
Kikubaaqudgha


Innate Abilities, Weirdness & Mutations

Your body is rotting away.
You thrive on raw meat.
You are immune to poison.
You have sharp fingernails.
You are carnivorous and can eat meat at any time.
Your flesh is cold resistant. (rC+)
You are immune to negative energy. (rN+++)
You do not regenerate when monsters are visible.
You are immune to unholy pain and torment.
You can survive without breathing.


Message History

Okay, then.
You scratch the bullfrog zombie.
The bullfrog zombie is severely damaged.
The bullfrog zombie misses you.
You closely miss the bullfrog zombie.
The bullfrog zombie is severely damaged.
The bullfrog zombie hits you.
* * * LOW HITPOINT WARNING * * *
The bullfrog zombie misses you.
You barely miss the bullfrog zombie.
The bullfrog zombie is severely damaged.
The bullfrog zombie hits you but does no damage.
You scratch the bullfrog zombie.
The bullfrog zombie is severely damaged.
The bullfrog zombie hits you.
* * * LOW HITPOINT WARNING * * *
You barely miss the bullfrog zombie.
The bullfrog zombie is severely damaged.
The bullfrog zombie barely misses you. The bullfrog zombie hits you.
You die...

.. # #.
#.###.#
..... ....
#.. #..#####
#.Z@>..#
#......###.#
####### #.#
#.# #.# #.#
.. #.#
#...##.##
#.......#


You could see a bullfrog zombie.

Vanquished Creatures
  A scorpion (D:4)
  An orc priest (D:3)
  A worker ant (D:5)
  An adder skeleton (D:4)
  A leopard gecko (D:4)
  An orc (D:3)
  A giant cockroach (D:3)
  2 hobgoblins (D:3)
  A kobold (D:3)
  A quokka (D:4)
  2 frilled lizards (D:3)
13 creatures vanquished.

Notes
Turn   | Place    | Note
-------+----------+-------------------------------------------
     0 | D:1      | Lavandula the Ghoul Ice Elementalist began the quest for the Orb.
     0 | D:1      | Reached XP level 1. HP: 14/14 MP: 2/2
    88 | D:3      | Found a shadowy altar of Dithmenos.
   143 | D:3      | Became a worshipper of Dithmenos the Shadowed
   205 | D:3      | Noticed an orc priest
   223 | D:3      | Reached XP level 2. HP: 15/20 MP: 0/4
   312 | D:3      | Reached skill level 4 in Ice Magic
   312 | D:3      | Reached XP level 3. HP: 21/26 MP: 0/5
   327 | D:3      | Learned a level 3 spell: Ozocubu's Armour
   437 | D:4      | Found an ancient bone altar of Kikubaaqudgha.
   438 | D:4      | Noticed an ogre
   454 | D:5      | Entered Level 5 of the Dungeon
   483 | D:4      | Noticed a scorpion
   497 | D:4      | Killed a scorpion
   497 | D:4      | Reached skill level 5 in Ice Magic
   497 | D:4      | Reached XP level 4. HP: 23/32 MP: 0/6
   564 | D:4      | Noticed an ogre
   654 | D:5      | Slain by a bullfrog zombie

Vault maps used:
D:1:      lemuel_arrival_hallway
D:2:      nemelex_diamond_rough_becter, uniq_robin
D:3:      lemuel_coloured_pillars_altar, nicolae_tso_swordbearing_angel
D:4:      kennysheep_spiral_hall, kennysheep_mini_moat, first_bread,
          cheibriados_altar_1
D:5:      st_stairs_3

Skill      XL: |  1  2  3 |
---------------+----------+-----
Spellcasting   | 2 |  2.5
Ice Magic      | 4 5 |  5.4
Dodging        | |  1.7
Stealth        | |  2.1
Conjurations   | |  0.7

Action                   |  1- 3 |  4- 6 || total
-------------------------+-------+-------++-------
Melee: Unarmed           |    24 |    17 ||    41
 Cast: Freeze            |    19 |     8 ||    27
  Use: Potion            |     1 |       ||     1
 Stab: Sleeping          |     1 |     1 ||     2
  Eat: Chunk             |     5 |     5 ||    10
Armor: Robe              |     4 |     6 ||    10
Dodge: Dodged            |    21 |    16 ||    37

Table legend:
 A = Spawn XP
 B = Non-spawn XP
 C = Spawn XP percentage of total XP
 D = Spawn monster count
 E = Non-spawn monster count
 F = Spawn count percentage of total count
 G = Total turns spent on level
                    A         B        C        D         E        F      G
               +---------+---------+-------+---------+---------+-------+---------
         Total |       0 |     163 |   0.0 |       0 |      13 |   0.0 |   654
               +---------+---------+-------+---------+---------+-------+---------
           D:3 |       0 |      54 |   0.0 |       0 |       8 |   0.0 |   352
           D:4 |       0 |      76 |   0.0 |       0 |       4 |   0.0 |   195
           D:5 |       0 |      33 |   0.0 |       0 |       1 |   0.0 |    58
               +---------+---------+-------+---------+---------+-------+---------
